 Dungeon Crawl Stone Soup version 0.26-a0-58-g79b31b8662 (webtiles) character file.

Game seed: 12281777619984831506

2109 Hasart the Stinger (level 9, -5/34 HPs)
             Began as a Felid Venom Mage on June 8, 2020.
             Was a Follower of Sif Muna.
             Hit by a boomerang thrown by a merfolk (15 damage)
             ... on level 10 of the Dungeon.
             The game lasted 00:20:52 (11056 turns).

Hasart the Stinger (Felid Venom Mage)              Turns: 11056, Time: 00:20:52

Health: -5/34      AC:  2    Str:  4    XL:     9   Next: 7%
Magic:  8/17       EV: 23    Int: 19    God:    Sif Muna [*.....]
Gold:   628        SH:  0    Dex: 17    Spells: 5/18 levels left
                                        Lives:  0   Deaths: 2

rFire    . . .     SeeInvis +   (weapon unavailable)
rCold    . . .     Gourm    .   (shield unavailable)
rNeg     . . .     Faith    .   (armour unavailable)
rPois    .         Spirit   .   (helmet unavailable)
rElec    .         Reflect  .   (cloak unavailable)
rCorr    .         Harm     .   (gloves unavailable)
MR       +....                  (boots unavailable)
Stlth    ++++......             h - amulet of magic regeneration
HPRegen  0.11/turn              g - ring of stealth
MPRegen  0.40/turn              (no ring)

@: quick
A: very small, no armour, no weapons or thrown items, stealth, claws 1, fangs 3,
see invisible, carnivore, speed 1, shaggy fur 2, slow metabolism 1, sharp paws
a: Channel Magic, Renounce Religion


You were on level 10 of the Dungeon.
You worshipped Sif Muna.
Sif Muna was aware of your devotion.
You were not hungry.

You visited 2 branches of the dungeon, and saw 11 of its levels.

You collected 648 gold pieces.
You spent 20 gold pieces at shops.

Inventory:

Jewellery
 g - a ring of stealth (left paw)
 h - an amulet of magic regeneration (around neck)
 y - an uncursed ring of wizardry {unknown}
Wands
 f - a wand of iceblast (10)
 p - a wand of polymorph (8)
 r - a wand of acid (5)
Scrolls
 a - 6 scrolls of fog
 c - 8 scrolls of identify
 e - 3 scrolls of teleportation
 i - a scroll of fear {unknown}
 j - a scroll of noise {unknown}
 q - a scroll of enchant weapon
 s - a scroll of amnesia
 w - 3 scrolls of remove curse
Potions
 d - 6 potions of flight
 k - a potion of brilliance {unknown}
 l - 3 potions of haste {unknown}
 m - a potion of resistance {unknown}
 n - 2 potions of might {unknown}
 o - a potion of berserk rage {unknown}
 t - a potion of heal wounds {unknown}
 u - a potion of mutation {unknown}
 v - a potion of magic {unknown}
 x - a potion of lignification {unknown}
 z - 2 potions of stabbing {unknown}
 A - a potion of curing {unknown}
Comestibles
 b - 16 rations


   Skills:
 + Level 7.4 Dodging
 - Level 2.6 Stealth
 + Level 5.2 Spellcasting
 - Level 4.0 Conjurations
 * Level 6.3 Transmutations
 - Level 4.0 Fire Magic
 - Level 4.0 Air Magic
 * Level 7.5 Poison Magic


You had 5 spell levels left.
You knew the following spells:

 Your Spells              Type           Power        Failure   Level  Hunger
a - Sting                 Tmut/Pois      ####         1%          1    None
b - Poisonous Vapours     Pois/Air       ####..       1%          2    #......
c - Mephitic Cloud        Conj/Pois/Air  ###.....     4%          3    ##.....
d - Olgreb's Toxic Radia  Pois           ####....     5%          4    ####...
e - Ignite Poison         Fire/Tmut/Pois ####....     3%          3    ##.....

Your spell library contained the following spells:

 Spells                   Type           Power        Failure   Level  Hunger
 Irradiate                Conj/Tmut      ###.......   38%         5    ######.
 Hydra Form               Tmut           ####......   80%         6    #######
 Statue Form              Tmut/Erth      ###......    99%         6    #######
 Dragon Form              Tmut           ####......   100%        7    #######


Dungeon Overview and Level Annotations

Branches:
Dungeon (10/15)            Temple (1/1) D:6            Lair (0/6) D:9
    Orc: D:9-12

Altars:
Ashenzari
Cheibriados
Dithmenos
Elyvilon
Fedhas
Gozag
Hepliaklqana
Kikubaaqudgha
Makhleb
Nemelex Xobeh
Okawaru
Qazlal
Ru
Sif Muna
Trog
Uskayaw
Vehumet
Wu Jian
Xom
Yredelemnul
Zin
The Shining One

Shops:
D:6 :   D:8 *


Innate Abilities, Weirdness & Mutations

You cannot wear armour.
You are incapable of wielding weapons or throwing items.
Your paws allow you to move quietly. (Stealth)
You have sharp claws.
You have razor-sharp teeth.
You have supernaturally acute eyesight. (SInv)
You are carnivorous and can eat meat at any time.
You cover ground quickly.
You are covered in thick fur. (AC +2)
You have a slow metabolism.
Your sharp claws are effective at attacking unaware monsters.


Message History

Confirm with . or Enter, or press ? or * to list all spells.
The spell is quite dangerous to cast (5% risk of failure)!
Continue anyway?
You begin to radiate toxic energy.
The human looks even sicker. x2
The merfolk throws a boomerang.
The boomerang completely misses you.
Unknown command.
Unknown command.
Unknown command.
Unknown command.
Casting: Olgreb's Toxic Radiance (quite dangerous; 5% risk of failure)
Confirm with . or Enter, or press ? or * to list all spells.
You ignite the poison in your surroundings!
The human seems to burn from within!!!
You kill the human!
Sif Muna accepts your kill.
The merfolk seems to burn from within!!!
The merfolk is severely wounded.
The merfolk is poisoned.
Your toxic aura wanes.
The merfolk throws a boomerang.
The boomerang hits you!
You die...

#.........#
#.........#
#.........# #.
###.####### #. #.##
#####.#### #..#
......!..# ##.#
.........### #.##
.........@.#### #..#
.........#....####.#
....%....####..# #.#
.........# ##.###.##
..)......#
#......######
....m....#
#####........
##.##....# #.#######
#≈ #...## #.# #
#..## #.#


You could see a merfolk (poisoned).

Vanquished Creatures
  A komodo dragon (D:9)
  A troll (D:10)
  Grinder (D:5)
  A hippogriff (D:7)
  Sigmund (D:2)
  A hungry ghost (D:9)
  A human (D:10)
  Duvessa (D:5)
  A water moccasin (D:9)
  An ice beast (D:8)
  An orc warrior (D:7)
  A sky beast (D:5)
  A hornet zombie (D:7)
  An eye of draining (D:9)
  3 phantoms
  3 ogres
  A centaur (D:8)
  A big kobold (D:9)
  Dowan (D:5)
  2 scorpions
  4 killer bees (D:8)
  2 jellies
  4 wights (D:7)
  A centaur zombie (D:8)
  3 crimson imps
  4 hounds
  A quasit (D:6)
  A bullfrog skeleton (D:4)
  An iguana (D:4)
  3 orc wizards
  2 centaur skeletons
  Natasha (thrice) (D:4)
  6 worker ants
  A howler monkey zombie (D:9)
  4 gnolls (D:7)
  7 adders
  A howler monkey skeleton (D:4)
  3 oozes
  2 worms
  A dart slug (D:5)
  4 leopard geckos
  25 orcs
  4 bats
  7 giant cockroaches
  7 goblins
  6 hobgoblins
  15 jackals
  2 quokkas
  11 kobolds
  A leopard gecko zombie (D:7)
  7 rats
  A plant (D:9)
169 creatures vanquished.

Vanquished Creatures (others)
  A kobold (D:9)
1 creature vanquished.

Grand Total: 170 creatures vanquished

Notes
Turn   | Place    | Note
-------+----------+-------------------------------------------
     0 | D:1      | Hasart the Felid Venom Mage began the quest for the Orb.
     0 | D:1      | Reached XP level 1. HP: 7/7 MP: 4/4
   268 | D:1      | Reached XP level 2. HP: 11/11 MP: 3/6
  1103 | D:2      | Reached XP level 3. HP: 14/14 MP: 3/7
  1215 | D:2      | Noticed Sigmund
  1224 | D:2      | Killed Sigmund
  1224 | D:2      | Reached XP level 4. HP: 5/18 MP: 2/9
  1224 | D:2      | Reached XP level 5. HP: 6/21 MP: 2/10
  1468 | D:2      | Learned a level 2 spell: Poisonous Vapours
  1472 | D:2      | Learned a level 3 spell: Ignite Poison
  1476 | D:2      | Learned a level 3 spell: Mephitic Cloud
  1923 | D:2      | Found a shattered altar of Ashenzari.
  1924 | D:2      | Found a basalt altar of Yredelemnul.
  1924 | D:2      | Found an ancient bone altar of Kikubaaqudgha.
  2039 | D:2      | Found a sparkling altar of Nemelex Xobeh.
  2339 | D:2      | Found a glowing silver altar of Zin.
  2525 | D:3      | Gained mutation: You are covered in thick fur. (AC +2)
                  | [Felid growth]
  2525 | D:3      | Reached XP level 6. HP: 19/24 MP: 2/11
  2774 | D:3      | Found a white marble altar of Elyvilon.
  3651 | D:4      | Reached skill level 1 in Air Magic
  4094 | D:5      | Entered Level 5 of the Dungeon
  4213 | D:5      | Noticed Duvessa
  4213 | D:5      | Noticed Dowan
  4232 | D:5      | Killed Duvessa
  4232 | D:5      | Reached skill level 1 in Conjurations
  4232 | D:5      | Reached skill level 1 in Fire Magic
  4232 | D:5      | Killed from afar by Dowan
  4233 | D:5      | Reached XP level 5. HP: -6/21 MP: 0/10
  4243 | D:5      | Killed Dowan
  4243 | D:5      | Reached XP level 6. HP: 24/24 MP: 8/11
  4666 | D:5      | Noticed Grinder
  4699 | D:5      | Paralysed by Grinder for 7 turns
  4722 | D:5      | Killed Grinder
  4722 | D:5      | Reached skill level 5 in Dodging
  4722 | D:5      | Reached skill level 5 in Poison Magic
  4722 | D:5      | Reached XP level 7. HP: 10/27 MP: 1/13
  5765 | D:4      | Noticed Natasha
  5768 | D:4      | Killed Natasha
  5863 | D:4      | Noticed Natasha
  5871 | D:4      | Killed Natasha
  6076 | D:4      | Reached XP level 8. HP: 31/31 MP: 7/14
  6240 | D:4      | Noticed Natasha
  6245 | D:4      | Killed Natasha
  6834 | D:6      | Found Irreygoc's Book Boutique.
  7133 | D:6      | Found a staircase to the Ecumenical Temple.
  7161 | Temple   | Entered the Ecumenical Temple
  7231 | Temple   | Became a worshipper of Sif Muna the Loreminder
  7529 | D:6      | Learned a level 4 spell: Olgreb's Toxic Radiance
  8942 | D:7      | Noticed a hippogriff
  8969 | D:7      | Killed a hippogriff
  9113 | D:7      | Reached skill level 5 in Transmutations
  9113 | D:7      | Reached XP level 9. HP: 27/34 MP: 6/16
  9243 | D:8      | Reached * piety under Sif Muna
  9694 | D:8      | Found Odixol's Assorted Antiques.
  9701 | D:8      | Bought a scroll labeled MAUF GUIREFOGU for 20 gold pieces
  9709 | D:8      | Identified a scroll of acquirement
 10154 | D:9      | Found the +27 Lear's hauberk
 10407 | D:9      | Reached skill level 5 in Spellcasting
 10544 | D:9      | Found a staircase to the Lair.
 10545 | D:9      | Noticed a komodo dragon
 10559 | D:9      | Killed a komodo dragon
 10774 | D:10     | Entered Level 10 of the Dungeon
 10936 | D:10     | Noticed a gargoyle
 10953 | D:10     | Killed from afar by a gargoyle
 10954 | D:10     | Reached XP level 8. HP: -19/31 MP: 12/16
 10977 | D:10     | Noticed a troll
 10988 | D:10     | Killed a troll
 10988 | D:10     | Reached XP level 9. HP: 32/34 MP: 7/17
 11048 | D:10     | Noticed a merfolk
 11056 | D:10     | Hit by a boomerang thrown by a merfolk

Illustrated notes

Levels and vault maps discovered:
D:1:      dpeg_arrival_oval, layout_basic, minmay_pentomino_w2
D:2:      layout_rooms, chequers_temple_overflow_statue_of_worship,
          nemelex_dance_club_becter, uniq_sigmund
D:3:      layout_basic, first_ration, elyvilon_altar_3
D:4:      layout_loops_ring, minmay_crystal_water, uniq_natasha
D:5:      layout_basic, kennysheep_small_circle, uniq_duvessa, uniq_grinder
D:6:      layout_basic, minmay_temple_entry_crystal_x, serial_shops, shop
D:7:      layout_layer_cave
D:8:      layout_rooms, serial_shops, kennysheep_mini_moat
D:9:      layout_loops_ring, david_lair_shrubbed
D:10:     layout_roguey, orc_0_dummy, enter_trove_0, hangedman_stone_soup,
          uniq_snorg
Temple:   dpeg_five_rooms_temple

Skill      XL: |  1  2  3  4  5  6  7  8  9 |
---------------+----------------------------+-----
Dodging        | 3 4 5 6 7 |  7.4
Poison Magic   | 3 4 5 6 7 |  7.5
Transmutations | 2 3 4 5 6 |  6.3
Spellcasting   | 3 4 5 |  5.2
Air Magic      | 1 2 3 4 |  4.0
Conjurations   | 1 2 3 4 |  4.0
Fire Magic     | 1 2 3 4 |  4.0
Stealth        | |  2.6

Action                   |  1- 3 |  4- 6 |  7- 9 || total
-------------------------+-------+-------+-------++-------
Melee: Unarmed           |     2 |    44 |   278 ||   324
       Bite              |       |     3 |    37 ||    40
 Cast: Sting             |    51 |   134 |   189 ||   374
       Poisonous Vapours |       |     1 |    26 ||    27
       Mephitic Cloud    |       |     6 |    19 ||    25
       Ignite Poison     |       |     4 |    18 ||    22
       Olgreb's Toxic Ra |       |       |     8 ||     8
  Use: Scroll            |       |       |     8 ||     8
 Stab: Sleeping          |       |     3 |     1 ||     4
  Eat: Chunk             |     8 |     5 |    23 ||    36
Armor: Skin              |     2 |     5 |     9 ||    16
Dodge: Dodged            |    18 |   107 |   238 ||   363

Table legend:
 A = Non-vault XP
 B = Vault XP
 C = Vault XP percentage of total XP
 D = Non-vault monster count
 E = Vault monster count
 F = Vault count percentage of total count
                 A         B        C        D         E       F
            +---------+---------+-------+---------+---------+-------
      Total |    4478 |    1320 |  22.8 |     155 |      13 |   7.7
            +---------+---------+-------+---------+---------+-------
        D:1 |      33 |       5 |  13.2 |      18 |       2 |  10.0
        D:2 |      78 |     230 |  74.7 |      21 |       3 |  12.5
        D:3 |      82 |       0 |   0.0 |      14 |       0 |   0.0
        D:4 |     626 |      35 |   5.3 |      21 |       1 |   4.5
        D:5 |     443 |     539 |  54.9 |      22 |       5 |  18.5
        D:6 |      90 |       0 |   0.0 |       6 |       0 |   0.0
        D:7 |    1068 |       0 |   0.0 |      24 |       0 |   0.0
        D:8 |     667 |       0 |   0.0 |      10 |       0 |   0.0
        D:9 |     873 |     333 |  27.6 |      14 |       1 |   6.7
       D:10 |     518 |     178 |  25.6 |       5 |       1 |  16.7
            +---------+---------+-------+---------+---------+-------
